 Dungeon Crawl Stone Soup version 0.22-a0-422-g9628fc8 (webtiles) character file.

1705 Gorglomux the Fighter (level 8, -2/118 HPs)
             Began as a Minotaur Berserker on May 20, 2018.
             Was a Priest of Trog.
             Slain by Gorglomux's ghost (15 damage)
             ... on level 8 of the Dungeon.
             The game lasted 00:03:15 (3150 turns).

Gorglomux the Fighter (Minotaur Berserker)          Turns: 3150, Time: 00:03:16

Health: -2/118     AC:  9    Str: 30    XL:     8   Next: 73%
Magic:  6/6        EV:  9    Int:  4    God:    Trog [***...]
Gold:   59         SH:  0    Dex: 11    Spells: 7/7 levels left

rFire    . . .     SeeInvis .   a - +0 hand axe
rCold    . . .     Gourm    .   (no shield)
rNeg     + . .     Faith    .   j - +0 chain mail
rPois    .         Spirit   .   (helmet restricted)
rElec    .         Reflect  .   (no cloak)
rCorr    .         Harm     .   s - +0 pair of gloves (curse)
MR       .....                  (no boots)
Stlth    ..........             (no amulet)
HPRegen  0.29/turn              m - ring of positive energy
MPRegen  0.10/turn              (no ring)

@: berserking, very quick
A: retaliatory headbutt, horns 2, agile 1, low mp 1, sense surroundings 1
a: Berserk, Trog's Hand, Renounce Religion


You were on level 8 of the Dungeon.
You worshipped Trog.
Trog was most pleased with you.
You were very hungry.

You visited 1 branch of the dungeon, and saw 8 of its levels.

You collected 224 gold pieces.
You spent 165 gold pieces at shops.

Inventory:

Hand Weapons
 a - a +0 hand axe (weapon)
Missiles
 Z - a throwing net (quivered)
Armour
 j - a +0 chain mail (worn)
 s - a cursed +0 pair of gloves (worn)
Jewellery
 m - a ring of positive energy (left hand)
Scrolls
 e - 2 scrolls of enchant armour {unknown}
 f - 2 scrolls of identify
 g - a scroll of immolation {unknown}
 i - 6 scrolls of teleportation
 l - a scroll of fog {unknown}
 q - 2 scrolls of enchant weapon {unknown}
 t - 2 scrolls of magic mapping {unknown}
 x - 2 scrolls of amnesia {unknown}
 B - 2 scrolls of blinking
 X - a scroll of remove curse {unknown}
Potions
 n - 2 potions of mutation {!q}
 p - a potion of magic
 r - 5 potions of haste
 u - a potion of degeneration {unknown}
 v - a potion of agility {unknown}
 C - a potion of invisibility {unknown}
 D - a potion of lignification
Comestibles
 c - 8 rations


   Skills:
 + Level 10.1 Fighting
 + Level 10.1 Axes
 - Level 2.4 Armour
 - Level 2.1 Dodging


You had 7 spell levels left.
You didn't know any spells.
Your spell library was empty.

Dungeon Overview and Level Annotations

Branches:
Dungeon (8/15)
 Temple: D:4-7         Lair: D:8-11

Altars:
Dithmenos
Fedhas
Nemelex Xobeh
Wu Jian
The Shining One

Shops:
D:4 *   D:6 ?[:?   D:7 :   D:8 }

Annotations:
D:8 Gorglomux's ghost, novice MiFi


Innate Abilities, Weirdness & Mutations

You reflexively headbutt those who attack you in melee.
You have a pair of horns on your head.
You are agile. (Dex +2)
Your magical capacity is low. (-10% MP)
You passively map a small area around you.


Message History

You annihilate the jackal!!!
Trog roars: ANNIHILATED!
You open Gorglomux's ghost but butt no damage!
You are feeling hungry!
Your chain mail prevents you from butt Gorglomux's ghost!
Gorglomux's ghost hits butt!!!
You butt too injured to fight recklessly!!!
You open Gorglomux's ghost like a pillowcase!
Gorglomux's ghost is lightly damaged!
Gorglomux's ghost hits you!!!
You are too injured to fight recklessly!!!
You cut Butt's ghost but do no damage!
Gorglomux's ghost is lightly damaged!
Gorglomux's ghost hits you!!! * * * don't die
* * * A red film butts to cover your vision as you go berserk!!!
You feel yourself moving faster!!!
You feel mighty!!!
You are feeling very butt!
Gorglomux's ghost hits you!!! rip

, ,* * * *..# , * *
..# * , ... ,
########. * #># *
#........ #.#
######........ , *
#.###.............
#W##.............# ,
#@##.............#
,*#####..........†...#
, #.....#........#####
#.##.#.(.###+#..<# **
##.##....#### #.###
............#...#*
∩..####.###.#..(. ..,
#.. * #.##.* * , #...
#., .#


You could see Gorglomux's ghost.

Vanquished Creatures
  The ghost of Gorglomux the Covered, an amateur MiFi of Gozag (D:5)
  Prince Ribbit (D:5)
  Edmund (D:5)
  Duvessa (D:7)
  An ice beast (D:6)
  2 sky beasts
  An ogre (D:7)
  A centaur (D:7)
  2 bullfrogs
  Dowan (D:7)
  A howler monkey (D:6)
  A jelly (D:7)
  A centaur zombie (D:4)
  A hound (D:5)
  An orc priest (D:3)
  4 orc wizards
  2 worker ants
  2 adders
  3 gnolls (D:6)
  2 shadow imps
  A worm (D:3)
  A dart slug (D:3)
  A leopard gecko (D:5)
  16 orcs
  A ball python (D:4)
  3 giant cockroaches
  A goblin (D:3)
  3 hobgoblins (D:3)
  11 jackals
  3 kobolds
  3 bats (D:3)
  5 frilled lizards
  5 rats
84 creatures vanquished.

Notes
Turn   | Place    | Note
-------+----------+-------------------------------------------
     0 | D:1      | Gorglomux the Minotaur Berserker began the quest for the Orb.
     0 | D:1      | Reached XP level 1. HP: 19/19 MP: 0/0
   277 | D:2      | Reached XP level 2. HP: 20/27 MP: 1/1
   309 | D:3      | Reached XP level 3. HP: 32/34 MP: 2/2
   487 | D:3      | Found an ornate altar of the Wu Jian Council.
   520 | D:3      | Reached XP level 4. HP: 42/42 MP: 3/3
   530 | D:3      | Gained mutation: You are agile. (Dex +2) [potion of mutation]
   530 | D:3      | Gained mutation: Your magical capacity is low. (-10% MP) [potion of mutation]
   530 | D:3      | Gained mutation: You passively map a small area around you. [potion of mutation]
   536 | D:3      | Reached ** piety under Trog
   695 | D:4      | Found a glowing golden altar of the Shining One.
   733 | D:4      | Reached XP level 5. HP: 49/49 MP: 3/3
   779 | D:4      | Found Sadynuc's General Store.
   800 | D:4      | Bought a potion of curing for 30 gold pieces
   807 | D:4      | Bought a scroll of identify for 20 gold pieces
  1059 | D:5      | Entered Level 5 of the Dungeon
  1071 | D:5      | Noticed Gorglomux's ghost (amateur MiFi)
  1082 | D:5      | Reached skill level 6 in Fighting
  1082 | D:5      | Reached skill level 6 in Axes
  1103 | D:5      | HP: 3/75 [Gorglomux's ghost (7)]
  1116 | D:5      | Killed Gorglomux's ghost
  1116 | D:5      | Reached XP level 6. HP: 19/60 MP: 4/4
  1202 | D:5      | Noticed Prince Ribbit
  1210 | D:5      | Killed Prince Ribbit
  1210 | D:5      | Reached XP level 7. HP: 19/67 MP: 5/5
  1313 | D:5      | Found a shadowy altar of Dithmenos.
  1370 | D:5      | Noticed Edmund
  1380 | D:5      | Killed Edmund
  1483 | D:6      | Found a sparkling altar of Nemelex Xobeh.
  1599 | D:6      | Found Gael's Magic Scroll Shop.
  1617 | D:6      | Bought a scroll of blinking for 82 gold pieces
  1617 | D:6      | Bought a scroll of teleportation for 33 gold pieces
  1639 | D:6      | Found Rohoiw's Magic Scroll Shoppe.
  1643 | D:6      | Found Ropt's Armour Emporium.
  1662 | D:6      | Found a shadowy altar of Dithmenos.
  1689 | D:6      | Found a blossoming altar of Fedhas.
  1821 | D:6      | Found Car Pem's Book Shoppe.
  1842 | D:6      | Reached XP level 8. HP: 67/75 MP: 6/6
  2202 | D:7      | Found Fudaucs's Book Shop.
  2237 | D:7      | Reached skill level 9 in Fighting
  2237 | D:7      | Reached skill level 9 in Axes
  2711 | D:7      | Noticed Dowan
  2712 | D:7      | Noticed Duvessa
  2722 | D:7      | Killed Dowan
  2722 | D:7      | Reached *** piety under Trog
  2727 | D:7      | Killed Duvessa
  3124 | D:8      | Found Zimaip's Gadget Boutique.
  3139 | D:8      | Noticed Gorglomux's ghost (novice MiFi)
  3150 | D:8      | Slain by Gorglomux's ghost

Vault maps used:
D:1:      dpeg_arrival_ratfight
D:2:      uniq_terence, uniq_sigmund
D:3:      marbit_many_paths, minmay_close_crescents
D:4:      nicolae_overflow_hidden_temple, temple_pool_b, first_ration,
          serial_shops, shop
D:5:      lemuel_round_altar, serial_shops, shop, kb_lookout_dungeons_type,
          grunt_qazlal_sundering, uniq_prince_ribbit1, uniq_edmund
D:6:      fedhas_altar_2, nemelex_xobeh_ov_fountains_minmay, basic_altar,
          serial_shops, shop, nicolae_shop_crystal, nicolae_shop_trees, shop,
          kennysheep_windowed_goal
D:7:      serial_shops, shop, uniq_duvessa
D:8:      okawaru_ov_weapons_minmay, serial_shops, shop,
          hangedman_pestilent_swarm

Skill      XL: |  1  2  3  4  5  6  7  8 |
---------------+-------------------------+-----
Fighting       | 4 5 7 8 10 | 10.1
Axes           | 4 5 7 8 10 | 10.1
Armour         | |  2.4
Dodging        | |  2.1

Action                   |  1- 3 |  4- 6 |  7- 9 || total
-------------------------+-------+-------+-------++-------
Melee: Hand axe          |    31 |    79 |   137 ||   247
       Headbutt          |     4 |    12 |    27 ||    43
Invok: Berserk           |     4 |     2 |     5 ||    11
  Use: Potion            |       |     6 |       ||     6
       Scroll            |       |     3 |       ||     3
  Eat: Chunk             |     2 |     3 |     8 ||    13
       Ration            |       |       |     1 ||     1
Armor: Chain mail        |    16 |    51 |    50 ||   117
       Animal skin       |     1 |       |       ||     1
       Skin              |       |    47 |       ||    47
Dodge: Dodged            |    16 |    51 |    30 ||    97

Table legend:
 A = Spawn XP
 B = Non-spawn XP
 C = Spawn XP percentage of total XP
 D = Spawn monster count
 E = Non-spawn monster count
 F = Spawn count percentage of total count
 G = Total turns spent on level
                    A         B        C        D         E        F      G
               +---------+---------+-------+---------+---------+-------+---------
         Total |       0 |    2436 |   0.0 |       0 |      84 |   0.0 |  3150
               +---------+---------+-------+---------+---------+-------+---------
           D:1 |       0 |       3 |   0.0 |       0 |       2 |   0.0 |   120
           D:2 |       0 |      22 |   0.0 |       0 |       6 |   0.0 |   167
           D:3 |       0 |     185 |   0.0 |       0 |      30 |   0.0 |   520
           D:4 |       0 |      52 |   0.0 |       0 |       6 |   0.0 |   252
           D:5 |       0 |     855 |   0.0 |       0 |      10 |   0.0 |   419
           D:6 |       0 |     401 |   0.0 |       0 |      10 |   0.0 |   660
           D:7 |       0 |     777 |   0.0 |       0 |      15 |   0.0 |   960
           D:8 |       0 |     141 |   0.0 |       0 |       5 |   0.0 |    52
               +---------+---------+-------+---------+---------+-------+---------
